[Event "Early-Titled-Tuesday-Blitz-July-09-2024"]
[Site "Chess.com"]
[Date "2024.07.09"]
[Round "8"]
[White "Igor_Janik"]
[Black "jaskol95"]
[Result "1-0"]
[WhiteElo "2894"]
[BlackElo "2667"]
[TimeControl "180+1"]
[EndTime "9:30:20 PDT"]
[Termination "Igor_Janik won by checkmate"]

1. e4 c5 2. Nf3 e6 3. g3 Nc6 4. Bg2 Nf6 5. Qe2 e5 6. d3 Be7 7. Nc3 O-O 8. O-O Re8 9. Nd2 Nd4 10. Qd1 d6 11. Nc4 b5 12. Ne3 Bb7 13. Ncd5 Nxd5 14. exd5 b4 15. a4 bxa3 16. Rxa3 f5 17.
c3 Nb5 18. Ra1 f4 19. Nc4 Nc7 20. Na5 Bc8 21. Nc6 Qd7 22. Be4 Bb7 23. Nxe7+ Qxe7 24. c4 Qf6 25. Qh5 g6 26. Qh6 Rf8 27. Bd2 Ne8 28.
gxf4 Ng7 29. fxe5 dxe5 30. Qg5 Qd6 31. Bc3 Nf5 32. f3 a6 33. Rf2 Rf7 34. Raf1 Raf8 35. f4 exf4 36. Qxf4 Qe7 37. Qe5 Qg5+ 38. Rg2 Qe3+ 39.
Rgf2 Ng7 40. Qg3 Rxf2 41. Rxf2 Qc1+ 42. Kg2 Nh5 43. Rxf8+ Kxf8 44. Qb8+ Ke7 45. Qxb7+ Kf8 46. Qc8+ Ke7 47. Qc7+ Ke8 48. Qe5+ Kd8 49. Qd6+ Ke8 50. Bxg6+ hxg6 51. Qxg6+ Kd7 52. Qxh5 Qc2+ 53. Kg3 Qxd3+ 54. Qf3 Qc2 55. Qf7+ Kd6 56. Qe6+ Kc7 57. Be5+ Kb7 58. Qc6+ Ka7 59. Qc7+ Ka8 60. Qb8# 1-0

[Event "Early-Titled-Tuesday-Blitz-July-09-2024"]
[Site "Chess.com"]
[Date "2024.07.09"]
[Round "8"]
[White "Oleg_Papayan"]
[Black "evgchess5"]
[Result "1-0"]
[WhiteElo "2613"]
[BlackElo "2852"]
[TimeControl "180+1"]
[EndTime "9:30:20 PDT"]
[Termination "Oleg_Papayan won by checkmate"]

1. d4 Nf6 2. Nc3 d5 3. Bf4 Bf5 4. Nf3 a6 5. e3 e6 6. Ne5 h6 7.
Bd3 Bxd3 8. cxd3 Nbd7 9. Qb3 Rb8 10. O-O Bd6 11. Ne2 O-O 12. h3 Qe7 13. Rac1 Rfc8 14.
Rc2 c6 15. Rfc1 Ne8 16. a3 f6 17. Nxd7 Qxd7 18. Qb6 Qc7 19. Qxc7 Rxc7 20. Bxd6 Nxd6 21. Nf4 Kf7 22. Kf1 Re7 23. b4 e5 24. dxe5 fxe5 25. Ne2 g5 26. g4 Kg6 27. Ng3 Rf8 28. Kg2 Re6 29. a4 Ref6 30. Rd1 Re6 31. Rdc1 Ref6 32.
Rd1 R6f7 33. Rh1 Ra8 34. h4 a5 35. Rb2 axb4 36. Rxb4 Rff8 37. h5+ Kf6 38. Rhb1 Ra7 39.
f4 exf4 40. exf4 Re8 41. fxg5+ Kxg5 42. Rf1 Raa8 43. Nf5 Re2+ 44. Kg3 Rf8 45. Rf3 Nxf5+ 46. gxf5 Kf6 47. Rxb7 Rg8+ 48. Kf4 Reg2 49. Rb6 R8g4+ 50.
Ke3 Ke5 51. d4+ Rxd4 52. Rxc6 Rgd2 53. Re6# 1-0

[Event "Early-Titled-Tuesday-Blitz-July-09-2024"]
[Site "Chess.com"]
[Date "2024.07.09"]
[Round "8"]
[White "DanLowinger"]
[Black "Ginger_GM"]
[Result "0-1"]
[WhiteElo "2424"]
[BlackElo "2609"]
[TimeControl "180+1"]
[EndTime "9:30:20 PDT"]
[Termination "Ginger_GM won by resignation"]

1. e4 c5 2. Nf3 d5 3. d4 dxe4 4. Bb5+ Bd7 5. Bxd7+ Qxd7 6. Ng5 Qxd4 7. O-O Nf6 8. Nc3 Nc6 9. Qe2 Qe5 10. Qb5 Qc7 11.
Ngxe4 Nxe4 12. Nxe4 e6 13. Bf4 Qb6 14. Qd3 Rd8 15. Qe3 Be7 16. c3 O-O 17. Qg3 Qxb2 18. Bh6 g6 19. Bxf8 Bxf8 20. Rab1 Qc2 21. Nf6+ Kg7 22.
Nh5+ Kh8 23. Rxb7 gxh5 24. Rxf7 Qg6 25. Qf3 Bd6 26. Rf6 Ne5 27. Qf4 Qg7 28. Rxe6 Rf8 29. Qg3 Bb8 30. Qxg7+ Kxg7 31. Re7+ Rf7 32. Rxf7+ Kxf7 33. Rd1 Ke6 34. Re1 Kd5 35. f4 Nd3 36. Re7 Bxf4 37.
Rxa7 h6 38. Rf7 Be3+ 39. Kf1 Kc4 40. Rf5 h4 41. Rf3 Bg5 42. Ke2 Ne5 43. Rf5 Ng6 44.
Kf3 Ne7 45. Re5 Nd5 46. Kg4 Nxc3 47. Re8 Nxa2 48. Re4+ Kb3 49. Re8 c4 50. Rb8+ Nb4 51. Rc8 c3 52. g3 hxg3 53. Kxg3 c2 54. h4 Bd2 55. Rc7 c1=Q 56. Rxc1 Bxc1 57. Kg4 Kc4 58. h5 Kd5 59. Kf5 Nc6 60. Kg6 Ke6 61. Kh7 Kf5 62. Kg7 Kg5 0-1

[Event "Early-Titled-Tuesday-Blitz-July-09-2024"]
[Site "Chess.com"]
[Date "2024.07.09"]
[Round "8"]
[White "Makswolf200817"]
[Black "bazar-wokzal"]
[Result "1-0"]
[WhiteElo "2773"]
[BlackElo "2609"]
[TimeControl "180+1"]
[EndTime "9:30:21 PDT"]
[Termination "Makswolf200817 won on time"]

1. d4 Nf6 2. c4 Nc6 3. Nf3 e6 4. Nc3 Bb4 5. Qc2 d6 6. a3 Bxc3+ 7. Qxc3 O-O 8. Bg5 h6 9. Bh4 g5 10. Bg3 Ne4 11. Qd3 d5 12. e3 h5 13. h3 Nxg3 14.
fxg3 Qd6 15. Kf2 dxc4 16. Qxc4 g4 17. hxg4 hxg4 18. Nd2 e5 19. Ne4 Qg6 20. d5 Na5 21.
Qc2 Bf5 22. Bd3 Rad8 23. Nf6+ Qxf6 24. Bxf5 Rxd5 25. Rh4 Rfd8 26. Kg1 Kf8 27. Rf1 Qc6 28. Qe4 Nc4 29. Bg6 R8d7 30. Rh8+ Ke7 31. Rxf7+ Kd6 32. Rf6+ Kc5 33. Rxc6+ bxc6 34. Qxg4 Rd1+ 35. Kh2 Nxe3 36.
Qe2 Nc4 37. Rh4 R1d4 38. Rxd4 exd4 39. Bd3 Nb6 40. Qe5+ Nd5 41. b4+ Kb6 42. Qxd4+ Kb7 43. Bf5 Rd6 44. g4 Ne7 45. Qe5 Rh6+ 46. Kg3 Nd5 47.
Qe8 1-0

[Event "Early-Titled-Tuesday-Blitz-July-09-2024"]
[Site "Chess.com"]
[Date "2024.07.09"]
[Round "8"]
[White "Zhigalko_Sergei"]
[Black "jumpingknight20"]
[Result "0-1"]
[WhiteElo "2919"]
[BlackElo "2813"]
[TimeControl "180+1"]
[EndTime "9:30:24 PDT"]
[Termination "jumpingknight20 won on time"]

1. e4 c5 2. Nf3 d6 3. d4 cxd4 4. Qxd4 Nc6 5. Bb5 Bd7 6. Bxc6 Bxc6 7. Nc3 Nf6 8. Bg5 e6 9. O-O-O Be7 10. Rhe1 O-O 11.
Kb1 h6 12. Bh4 Qa5 13. Qd2 Qb6 14. Nd4 Rfe8 15. f3 Rac8 16. Bf2 Qa6 17. g4 Nd7 18. h4 Ne5 19. b3 Bd7 20. Nce2 b5 21. Rg1 d5 22. f4 Nc6 23. e5 b4 24. g5 hxg5 25. hxg5 g6 26. Rh1 Kg7 27. f5 gxf5 28. g6 Rh8 29. Rh7+ Rxh7 30. gxh7 Nxe5 31. Rh1 Ng6 32.
Nf4 Kh8 33. Ndxe6 Bf6 34. Bd4 Ne5 35. Nc5 Nf3 36. Bxf6+ Qxf6 37. Qxb4 Bc6 38. Ncd3 d4 39. Rd1 Ng5 40. Nc5 Rd8 41. a4 Bf3 42. Re1 Ne4 43. Nxe4 fxe4 44. Nh5 Qe5 45. Qb5 Qxb5 46. axb5 d3 47.
cxd3 exd3 48. Rg1 d2 49. Nf6 d1=Q+ 50. Kb2 Qxg1 0-1

[Event "Early-Titled-Tuesday-Blitz-July-09-2024"]
[Site "Chess.com"]
[Date "2024.07.09"]
[Round "8"]
[White "kuchma777"]
[Black "brm72"]
[Result "1-0"]
[WhiteElo "2493"]
[BlackElo "2651"]
[TimeControl "180+1"]
[EndTime "9:30:24 PDT"]
[Termination "kuchma777 won on time"]

1. e4 c5 2. Nf3 d6 3. d4 cxd4 4. Nxd4 Nf6 5. Nc3 a6 6. h3 h5 7. g3 e5 8. Nde2 Be7 9. Bg2 b5 10. Be3 Bb7 11. O-O Nbd7 12. Qd2 Rc8 13. Rad1 O-O 14. Nd5 Bxd5 15. exd5 Qc7 16. c3 Qb7 17. Nc1 Bd8 18. Qe2 Bb6 19. Bg5 Rfe8 20. Nb3 Qc7 21. Nd2 g6 22. Kh2 Nh7 23. Be3 f5 24. Bh6 Nhf6 25.
Nf3 Nh7 26. Nh4 Kf7 27. Nxf5 gxf5 28. Qxh5+ Ke7 29. Qxf5 Ndf6 30. f4 Qd7 31. Qc2 exf4 32. Rxf4 Kd8 33. Rdf1 Qe7 34. Qf5 Be3 35. Rh4 Bb6 36.
Bf4 Kc7 37. Rh6 Rf8 38. c4 bxc4 39. Rc1 Bc5 40. Rxc4 Kb7 41. Rc3 a5 42. Rb3+ Ka7 43.
Qd3 Rb8 44. Qc4 Rxb3 45. Qxb3 Rb8 46. Qa4 Bb4 47. a3 Be1 48. b4 Qc7 49. Be3+ Ka8 50. b5 1-0

[Event "Early-Titled-Tuesday-Blitz-July-09-2024"]
[Site "Chess.com"]
[Date "2024.07.09"]
[Round "8"]
[White "rhungaski"]
[Black "GAO"]
[Result "1-0"]
[WhiteElo "2641"]
[BlackElo "2438"]
[TimeControl "180+1"]
[EndTime "9:30:27 PDT"]
[Termination "rhungaski won by checkmate"]

1. Nf3 Nf6 2. g3 d5 3. Bg2 e6 4. O-O Be7 5. d3 O-O 6. Nbd2 a5 7. e4 a4 8. Re1 a3 9. b3 c5 10. e5 Nfd7 11. Nf1 Nc6 12. h4 b5 13. N1h2 Re8 14. Bf4 Nf8 15. Ng5 h6 16. Qh5 hxg5 17. hxg5 Ng6 18. Ng4 Nd4 19. c3 Nc2 20. Bf3 c4 21.
Kg2 Bc5 22. d4 Bb6 23. Nf6+ Kf8 24. bxc4 bxc4 25. Qh7 Nxa1 26. Bh5 Nxf4+ 27. gxf4 Ke7 28. Bxf7 Rh8 29. Qxg7 Qf8 30. Nxd5+ exd5 31. Qf6+ Kd7 32. e6+ Kc7 33. e7 Qxf7 34. Qxf7 Bd7 35. Qf6 Nc2 36. Rb1 Rab8 37. Rxb6 Rxb6 38. Qxh8 Re6 39. Qg7 Ne1+ 40. Kg3 Nd3 41. f5 Re4 42. f3 Re3 43. f6 Ne1 44. Kf2 Re6 45. f7 Nd3+ 46.
Kg3 Rxe7 47. f8=Q Rxg7 48. Qxg7 Nc1 49. g6 Nxa2 50. Qe7 Nxc3 51. Qxa3 Nb5 52. Qc5+ Kd8 53. Qxd5 c3 54. g7 c2 55. g8=Q+ Kc7 56. Qc5+ Kb7 57.
Qxc2 Nxd4 58. Qb2+ Kc7 59. Qd5 Nc6 60. Qc3 Be8 61. Qcc5 Bd7 62. Qdd6+ Kc8 63. Qb6 Nd4 64. Qbc7# 1-0

[Event "Early-Titled-Tuesday-Blitz-July-09-2024"]
[Site "Chess.com"]
[Date "2024.07.09"]
[Round "8"]
[White "JoJoZP"]
[Black "gpsji27"]
[Result "0-1"]
[WhiteElo "2486"]
[BlackElo "2365"]
[TimeControl "180+1"]
[EndTime "9:30:27 PDT"]
[Termination "gpsji27 won on time"]

1. d4 d5 2. c4 e6 3. Nf3 Nf6 4. g3 Be7 5. Bg2 O-O 6. Nc3 c5 7. cxd5 exd5 8. O-O cxd4 9. Nxd4 Nc6 10. Bg5 Be6 11. Rc1 Rc8 12. Nxe6 fxe6 13. Bh3 Qd7 14. e4 d4 15. Qb3 Kf7 16. Nd5 Nxe4 17. Bxe7 Nxe7 18.
Qf3+ Nf6 19. Nf4 Nf5 20. Rxc8 Qxc8 21. Nxe6 Qxe6 22. Bxf5 Qc6 23. Qb3+ Qd5 24. Qd3 g6 25. Bh3 Re8 26. Bg2 Qd7 27. Rd1 Kg7 28. h3 Qa4 29.
Bxb7 Qxa2 30. Qxd4 Qb3 31. Bg2 Re7 32. Kh2 Rd7 33. Qxd7+ Nxd7 34. Rxd7+ Kh6 35. Rb7 Qa4 36. h4 a5 37. Bf3 Qc2 38. Kg2 a4 39. g4 g5 40. Rb6+ Kg7 41. hxg5 Qc5 42. Rb7+ Kg6 43. Be4+ Kxg5 44. Rxh7 Qd4 45. Bf3 Qxb2 46. Rh5+ Kg6 47. Rf5 a3 48. Be4 Kg7 49. Rg5+ Kf7 50. Rf5+ Ke7 51. Ra5 a2 52. Ra7+ Kd6 53. Ra6+ Ke5 0-1

[Event "Early-Titled-Tuesday-Blitz-July-09-2024"]
[Site "Chess.com"]
[Date "2024.07.09"]
[Round "8"]
[White "JavierRuizVazquez"]
[Black "FollowRivers"]
[Result "1-0"]
[WhiteElo "2403"]
[BlackElo "2505"]
[TimeControl "180+1"]
[EndTime "9:30:28 PDT"]
[Termination "JavierRuizVazquez won on time"]

1. e4 c5 2. Nc3 d6 3. d4 cxd4 4. Qxd4 Nf6 5. b3 g6 6. Bb2 Bg7 7. O-O-O Nc6 8. Bb5 O-O 9. Bxc6 bxc6 10. Kb1 Bb7 11.
f3 c5 12. Qd2 Qc7 13. g4 a5 14. h4 c4 15. h5 cxb3 16. cxb3 a4 17. Nxa4 Nxe4 18.
Qe3 Rfc8 19. Rh2 Bxb2 20. Kxb2 Rxa4 21. bxa4 Nc3 22. Re1 Nxa4+ 23. Ka1 Bd5 24. hxg6 fxg6 25. Qd3 Bf7 26. Qa3 Qc4 27. Rd2 Nc3 28. Ne2 Nxe2 29. Rdxe2 Qd4+ 30. Qb2 Qxb2+ 31. Kxb2 e5 32. Rd2 Ra8 33. a3 Ra6 34. Red1 d5 35. Re2 e4 36.
fxe4 dxe4 37. Rxe4 Rb6+ 38. Ka1 Rb3 39. Rd8+ Kg7 40.
Ra4 Rg3 41. Rd7 Rg1+ 42. Kb2 Kf6 43. Ra6+ Be6 44. Rdd6 Re1 45. Kc3 Re3+ 46. Kd4 Re5 47. Rxe6+ Rxe6 48. g5+ Kf5 49. Rxe6 Kxe6 50. Ke4 Kd6 51.
a4 Kc5 52. Ke5 Kb4 53. Kf6 Kxa4 54. Kg7 h5 55. gxh6 g5 56. h7 g4 57. h8=Q g3 58. Qh3 1-0

[Event "Early-Titled-Tuesday-Blitz-July-09-2024"]
[Site "Chess.com"]
[Date "2024.07.09"]
[Round "8"]
[White "Nemegejas"]
[Black "Jospem"]
[Result "1-0"]
[WhiteElo "2961"]
[BlackElo "3102"]
[TimeControl "180+1"]
[EndTime "9:30:30 PDT"]
[Termination "Nemegejas won by checkmate"]

1. Nf3 c5 2. c4 Nc6 3. Nc3 g6 4. e3 Bg7 5. d4 d6 6. h3 Nh6 7. d5 Nb4 8. a3 Na6 9. e4 O-O 10. Bd3 e5 11. g4 f6 12. Be3 Nf7 13. Rg1 Ng5 14. Nxg5 fxg5 15. Qd2 h6 16. O-O-O Bd7 17.
Rh1 Qf6 18. Rdg1 Qe7 19. Nd1 Nc7 20. h4 Bf6 21. hxg5 Bxg5 22. Bxg5 hxg5 23. Ne3 Rf4 24. Rh6 Qg7 25. Rgh1 Ne8 26. f3 Nf6 27. Qh2 Kf7 28.
Be2 Rg8 29. Ng2 Ke7 30. Nxf4 gxf4 31. Qh4 g5 32. Qe1 b6 33. Bd1 Kd8 34. Bc2 Kc7 35. Qd1 a6 36. Ba4 b5 37. Bc2 Kb6 38. b4 Rc8 39. Qg1 Qe7 40. Rg6 Be8 41. Rgh6 Kb7 42.
Kb2 cxb4 43. axb4 Rxc4 44. Qe1 Rc8 45. Bd3 Qd8 46. Qf2 Nd7 47. Rxd6 Qe7 48. Rhh6 Rc7 49. Rxa6 Qxb4+ 50. Ka2 Nc5 51. Rhb6+ Kc8 52. Ra8+ Kd7 53. Bxb5+ Ke7 54. d6+ Kf7 55. Bxe8+ Kg7 56. Rxb4 Ra7+ 57.
Rxa7+ Nd7 58. Rxd7+ Kf6 59. Rf7+ Ke6 60. d7 Kd6 61.
Qb6# 1-0

[Event "Early-Titled-Tuesday-Blitz-July-09-2024"]
[Site "Chess.com"]
[Date "2024.07.09"]
[Round "8"]
[White "Statham_01"]
[Black "PositionalPanther"]
[Result "1-0"]
[WhiteElo "2668"]
[BlackElo "2505"]
[TimeControl "180+1"]
[EndTime "9:30:31 PDT"]
[Termination "Statham_01 won by checkmate"]

1. e4 e6 2. d4 d5 3. Bd3 dxe4 4. Bxe4 Nf6 5. Bf3 c5 6. Ne2 Be7 7. Be3 cxd4 8. Qxd4 Nc6 9. Qxd8+ Kxd8 10. Nbc3 a6 11. O-O-O+ Kc7 12. Rhe1 e5 13. Ng3 Be6 14. Na4 Nd7 15.
Ne4 f6 16. Nec5 Nxc5 17. Nxc5 Bxc5 18. Bxc5 Rad8 19. b3 b6 20. Be3 Nb4 21. Kb2 Bd5 22.
Be2 Bb7 23. g4 Nd5 24. Bd2 g5 25. Bf3 Nf4 26. Bxb7 Kxb7 27. Bb4 Ng6 28. a4 a5 29. Ba3 Kc7 30. c4 Rxd1 31. Rxd1 Rd8 32. Rxd8 Kxd8 33. c5 Kc7 34. Kc3 bxc5 35. Bxc5 Kc6 36. Ba3 Nf4 37. Kd2 Kd5 38. Be7 Ne6 39. Bxf6 h6 40. Kc3 Nd4 41. Bd8 Nf3 42. Bxa5 Nxh2 43. Bd8 Nxg4 44.
a5 Kc6 45. b4 Nxf2 46. Kc4 Ne4 47. b5+ Kb7 48. Be7 h5 49. a6+ Ka7 50. Bc5+ Nxc5 51. Kxc5 e4 52. Kc6 e3 53. b6+ Kxa6 54. b7 e2 55.
b8=Q Ka5 56. Qb5# 1-0

[Event "Early-Titled-Tuesday-Blitz-July-09-2024"]
[Site "Chess.com"]
[Date "2024.07.09"]
[Round "8"]
[White "kripri"]
[Black "Cherepov_Alexej"]
[Result "0-1"]
[WhiteElo "2320"]
[BlackElo "2439"]
[TimeControl "180+1"]
[EndTime "9:30:31 PDT"]
[Termination "Cherepov_Alexej won by resignation"]

1. f3 e5 2. e4 d5 3. exd5 Nf6 4.
c4 c6 5. dxc6 Nxc6 6. d3 Bc5 7.
Ne2 O-O 8. Nbc3 Nh5 9. g3 Nb4 10. d4 exd4 11. Ne4 Be7 12. a3 Qa5 13. Qd2 Nc2+ 14.
Kf2 Qxd2 15. Bxd2 Nxa1 16. Nxd4 f5 17. Nc3 Bc5 18. Be3 Re8 19. b4 Bxd4 20. Bxd4 Nc2 21. Bc5 b6 22. Bd6 Bb7 23. Bd3 Rad8 24. c5 Nd4 25. Bc4+ Kh8 26. Nd5 Nf6 27. Nxf6 gxf6 28.
Rd1 Nxf3 29. Be7 Rxe7 30. Rxd8+ Kg7 31. Rg8+ Kh6 32. Rb8 Be4 33. cxb6 axb6 34. Rxb6 Kg6 35. Rb8 Ne5 36. Bb3 Ng4+ 37. Kf1 Nxh2+ 38. Kg1 Nf3+ 39. Kf2 Nd4 40. Bc4 f4 41. gxf4 Kf5 42. b5 Kxf4 43.
b6 Nc6 44. a4 Nxb8 45. a5 Bc6 46. a6 Nxa6 47. Bxa6 h5 48. b7 Bxb7 49. Bb5 h4 50. Be2 h3 51. Bf1 h2 52. Bg2 Bxg2 53.
Kxg2 Rg7+ 54. Kh1 Kf3 55. Kxh2 f5 56. Kh1 Kf2 0-1

[Event "Early-Titled-Tuesday-Blitz-July-09-2024"]
[Site "Chess.com"]
[Date "2024.07.09"]
[Round "8"]
[White "FREDERICKtheMATE"]
[Black "Sam_ChessMood"]
[Result "0-1"]
[WhiteElo "2744"]
[BlackElo "2934"]
[TimeControl "180+1"]
[EndTime "9:30:34 PDT"]
[Termination "Sam_ChessMood won on time"]

1. e4 c5 2. Nf3 Nc6 3. Bb5 e6 4. O-O Nge7 5. Re1 Ng6 6. c3 Be7 7. d4 cxd4 8. cxd4 d5 9. e5 O-O 10. Nc3 f6 11. exf6 Bxf6 12. Be3 Qd6 13. Qd2 Nce7 14.
Bd3 Bd7 15. Bg5 Bxg5 16. Qxg5 Rxf3 17. gxf3 Rf8 18. Qg3 Nf4 19. Ne2 a6 20. Rad1 Nc6 21. Bb1 Rf6 22. Nxf4 Qxf4 23. Qxf4 Rxf4 24. Kg2 g5 25.
Re3 Kg7 26. Red3 h6 27. a3 Kf6 28. Bc2 Be8 29. Ba4 Bg6 30. R3d2 b5 31. Bb3 Na5 32. Ba2 Nc4 33. Bxc4 bxc4 34. Re1 Bd3 35. Re3 Rxd4 36.
Kg3 Ke7 37. Rd1 Kd6 38. b3 e5 39. bxc4 dxc4 40. Rde1 Rd5 41. Rc1 Kc5 42. h4 gxh4+ 43. Kxh4 Kd4 44. Kh5 Ra5 45. Kxh6 Rxa3 46. Kg5 Ra2 47.
Rce1 c3 48. Rxe5 Rxf2 49. f4 c2 50. Re8 Rf1 51. Rd8+ Kc4 52. Re7 Rg1+ 53. Kf6 Rg6+ 54. Kf7 Rc6 55. Re1 a5 0-1

[Event "Early-Titled-Tuesday-Blitz-July-09-2024"]
[Site "Chess.com"]
[Date "2024.07.09"]
[Round "8"]
[White "FloMasterAAK"]
[Black "pouya21"]
[Result "1/2-1/2"]
[WhiteElo "2606"]
[BlackElo "2862"]
[TimeControl "180+1"]
[EndTime "9:30:34 PDT"]
[Termination "Game drawn - insufficient material"]

1. e4 c6 2. d4 d5 3. Nc3 dxe4 4. Nxe4 Nf6 5. Nxf6+ exf6 6. c3 Bd6 7. Bd3 O-O 8.
Qc2 Re8+ 9. Ne2 h5 10. Be3 Nd7 11. O-O-O b5 12. d5 c5 13. Bxb5 Rb8 14. c4 a6 15.
Ba4 Rxe3 16. fxe3 Ne5 17. h3 g6 18. Rhf1 Qe7 19. Kb1 Rb4 20. Bb3 a5 21. a3 Rb8 22. Nc3 Ba6 23. Ne4 f5 24. Nxd6 Qxd6 25.
Ka1 Qb6 26. Ba2 Nxc4 27. Bxc4 Bxc4 28. Rfe1 Bb3 29. Qc3 Bxd1 30. Rxd1 Rd8 31. Ka2 a4 32. Qc4 Rb8 33. Rd2 Qb3+ 34. Qxb3 axb3+ 35. Kb1 Re8 36. d6 Rxe3 37. Rd1 Re8 38. Kc1 Rd8 39. Rd5 Kf8 40.
Kd2 Ke8 41. Kc3 Kd7 42. Kc4 Re8 43. Rd2 f4 44. h4 f6 45. a4 Re4+ 46. Kxb3 g5 47.
a5 g4 48. a6 Rb4+ 49. Kc3 Rb6 50. a7 Ra6 51. Kc4 Rxa7 52. Kxc5 Ra5+ 53. Kd4 f5 54. b4 Ra1 55. Ke5 f3 56. gxf3 gxf3 57. Kxf5 Rb1 58.
Kg5 Rxb4 59. Kxh5 Rf4 60. Rf2 Kxd6 61. Kg5 Ke5 62. h5 Rf8 63. h6 Rg8+ 64. Kh5 Kf4 65. h7 Rh8 66. Kg6 Kg3 67. Rf1 Kg2 68. Ra1 f2 69. Kg7 Rxh7+ 70. Kxh7 f1=Q 71. Rxf1 Kxf1 1/2-1/2

[Event "Early-Titled-Tuesday-Blitz-July-09-2024"]
[Site "Chess.com"]
[Date "2024.07.09"]
[Round "8"]
[White "Lady_Nika"]
[Black "PapaieDudu"]
[Result "1-0"]
[WhiteElo "2523"]
[BlackElo "2395"]
[TimeControl "180+1"]
[EndTime "9:30:34 PDT"]
[Termination "Lady_Nika won by checkmate"]

1. d4 d5 2. e3 Nf6 3. f4 c5 4. Nf3 cxd4 5. exd4 Bg4 6. Be2 Nc6 7. c3 Bxf3 8. Bxf3 e6 9. Qe2 Be7 10. O-O O-O 11.
g4 Rc8 12. g5 Nd7 13. Nd2 Re8 14. Re1 Nf8 15. h4 Ng6 16. Qh2 Bd6 17. Nf1 f5 18. h5 Nf8 19. Be3 b5 20. a3 a5 21.
Be2 b4 22. axb4 axb4 23. h6 g6 24. Ba6 Rb8 25. Qe2 Re7 26. c4 dxc4 27. Bxc4 Na5 28. b3 Bc7 29. Rad1 Rc8 30. Nh2 Nxc4 31. bxc4 Nd7 32.
Nf3 Nb6 33. Rc1 Na4 34. Bd2 Nc3 35. Bxc3 bxc3 36. Rxc3 Bxf4 37. d5 e5 38. Qa2 e4 39.
c5 exf3 40. Rxe7 Qxe7 41. d6+ Qf7 42. Qa6 Rd8 43. Rxf3 Bxg5 44. Rd3 Bxh6 45. c6 Bf4 46. c7 Qd7 47. cxd8=Q+ Qxd8 48. d7 Kg7 49. Qa1+ Kh6 50.
Qd4 Bg5 51. Rh3+ Bh4 52. Qxh4+ Qxh4 53. Rxh4+ Kg5 54. d8=Q# 1-0

[Event "Early-Titled-Tuesday-Blitz-July-09-2024"]
[Site "Chess.com"]
[Date "2024.07.09"]
[Round "8"]
[White "Mysterio47"]
[Black "Shuvalov"]
[Result "1-0"]
[WhiteElo "2751"]
[BlackElo "2585"]
[TimeControl "180+1"]
[EndTime "9:30:35 PDT"]
[Termination "Mysterio47 won on time"]

1. e4 c5 2. Nf3 d6 3. Bb5+ Bd7 4. c4 Nf6 5. Nc3 g6 6. Bxd7+ Qxd7 7. d4 cxd4 8. Qxd4 Nc6 9. Qd3 Bg7 10. O-O O-O 11. Bd2 Rfc8 12. Rac1 a6 13. b3 e6 14. Rfd1 Qe7 15. Bf4 Ne8 16. Bxd6 Nxd6 17. Qxd6 Qxd6 18. Rxd6 Rd8 19. Rxd8+ Rxd8 20. Kf1 Nb4 21. e5 Nc6 22. Re1 g5 23. h3 h5 24. g4 hxg4 25. hxg4 Rd3 26. Re3 Rxe3 27. fxe3 Nxe5 28. Nxe5 Bxe5 29. Ne4 f6 30. Nc5 Kf7 31. Nxb7 f5 32. Nc5 a5 33.
Nd3 Bc7 34. a3 fxg4 35. b4 axb4 36. axb4 Kf6 37. e4 Ke7 38. b5 Kd7 39. c5 Bf4 40.
Kf2 Kc7 41. Nb4 Be5 42. Nc2 Kd7 43. Kg2 Kc7 44. Nb4 Bf4 45. Nd3 Kb7 46. Kf2 Kc7 47. Ke2 Kb7 48. Nf2 g3 49. Nd3 Kc7 50. Kf3 Kb7 51.
Nb4 Kc7 52. Nc6 Kd7 53. Nd4 g2 54. Kxg2 Be3 55. Nb3 Kc7 56. Kf3 Bg1 57. Kg4 Be3 58. e5 Kb7 59. Na5+ Kc7 60. b6+ 1-0

[Event "Early-Titled-Tuesday-Blitz-July-09-2024"]
[Site "Chess.com"]
[Date "2024.07.09"]
[Round "8"]
[White "Mops_2004"]
[Black "ninguno46"]
[Result "1-0"]
[WhiteElo "2724"]
[BlackElo "2570"]
[TimeControl "180+1"]
[EndTime "9:30:35 PDT"]
[Termination "Mops_2004 won on time"]

1. d4 d6 2. Nf3 Nf6 3. c4 g6 4. Nc3 Bg7 5. e4 O-O 6. Be2 c5 7. O-O Nc6 8. d5 Na5 9. a3 b6 10. h3 e5 11. Bg5 h6 12. Bh4 g5 13. Bg3 Nh5 14. Nd2 Nf4 15. Bg4 f5 16. exf5 Bxf5 17. Bxf5 Rxf5 18. b4 Nb7 19. Nde4 Qe8 20. bxc5 Nxc5 21.
Nxd6 Qf8 22. Nxf5 Qxf5 23. d6 Rd8 24. Ra2 e4 25. Nd5 Kh8 26. Rd2 Nfd3 27. Qg4 Qf7 28. h4 gxh4 29. Qxh4 Rd7 30. Re2 Qf5 31. Ne7 Qe6 32.
f3 Bd4+ 33. Kh2 Rxd6 34. fxe4 Rd7 35. Rf8+ Kh7 36. Nf5 Bg7 37. Nxg7 Rxg7 38. e5 Rg4 39. Qf6 Qxf6 40. exf6 h5 41. Re7+ Kg6 42. Rg7+ Kf5 43.
Rxg4 hxg4 44. f7 Ne6 45. Ra8 Nb2 46. Rxa7 Nxc4 47. Ra6 Kf6 48. Bf2 Kxf7 49. Bxb6 Ng5 50. Bf2 Ne4 51. Bh4 Ne3 52. a4 Nf1+ 53. Kg1 Nfd2 54.
a5 g3 55. Ra7+ Ke6 56. a6 Nc3 57. Bxg3 Ne2+ 58. Kf2 1-0

[Event "Early-Titled-Tuesday-Blitz-July-09-2024"]
[Site "Chess.com"]
[Date "2024.07.09"]
[Round "8"]
[White "Trendle"]
[Black "chrisclaireredfield"]
[Result "1-0"]
[WhiteElo "2677"]
[BlackElo "2517"]
[TimeControl "180+1"]
[EndTime "9:30:40 PDT"]
[Termination "Trendle won by resignation"]

1. f4 e5 2. fxe5 d6 3. exd6 Bxd6 4. Nf3 g5 5. g3 g4 6. Nh4 Ne7 7. d4 Ng6 8. Nxg6 hxg6 9. Qd3 Bf5 10. e4 Qe7 11.
Bg2 Nc6 12. Be3 Nb4 13. Qe2 Bxe4 14. O-O Bxg2 15. Kxg2 Qe4+ 16. Kg1 Bxg3 17. Nc3 Qxc2 18. hxg3 Qxe2 19. Nxe2 Nc2 20. Nf4 Nxa1 21. Rxa1 O-O-O 22. Rc1 b6 23. Nd3 Rhe8 24. Bf4 Rxd4 25. Rxc7+ Kd8 26.
Rc3 Re2 27. Kf1 Rh2 28. Kg1 Re2 29. Kf1 Rh2 30. Be3 Re4 31. Nf2 Ra4 32. a3 f5 33.
Rc6 Ra5 34. Rxg6 Rb5 35. b4 Rd5 36. Rg7 Rd7 37. Rg8+ Kc7 38. Rf8 Rd5 39. Rf7+ Kb8 40. Kg1 Rh8 41. Kg2 Re8 42. Bf4+ Ka8 43. a4 a5 44. b5 Rd4 45. Rf6 Rxa4 46. Rxb6 Re2 47.
Rb8+ Ka7 48. b6+ Ka6 49. Kf1 Rb2 50. Ra8+ Kb7 51. Rf8 Rxb6 52. Rxf5 Ra1+ 53. Ke2 Rb2+ 54. Ke3 Ra3+ 55. Nd3 Rbb3 56. Rd5 a4 57. Ke4 Ra1 58.
Nc5+ Kc6 59. Nxb3 axb3 60. Rd6+ Kc5 61. Rd5+ Kc4 62. Rd4+ Kc3 63. Be5 Re1+ 64. Kd5 Kc2 65. Rc4+ Kb1 66. Rxg4 b2 67. Rb4 Re2 68. Rxb2+ Rxb2 69. Bxb2 Kxb2 70. g4 1-0

[Event "Early-Titled-Tuesday-Blitz-July-09-2024"]
[Site "Chess.com"]
[Date "2024.07.09"]
[Round "8"]
[White "madmax011"]
[Black "Mostii"]
[Result "0-1"]
[WhiteElo "2358"]
[BlackElo "2507"]
[TimeControl "180+1"]
[EndTime "9:30:40 PDT"]
[Termination "Mostii won by resignation"]

1. d4 e6 2. c4 b6 3. Nf3 Bb7 4.
g3 Nf6 5. Bg2 g6 6. O-O Bg7 7. Nc3 Ne4 8. Nxe4 Bxe4 9. Bg5 Qc8 10. Rc1 O-O 11. c5 Qb7 12. cxb6 axb6 13. a3 c5 14. dxc5 Bxb2 15. Rc4 Rxa3 16. Rb4 Bc3 17. Rxb6 Qa7 18. Bh6 Rc8 19. Qd6 Nc6 20. Rd1 Ra1 21. Nh4 Be5 22. Qd2 Bxg2 23. Nxg2 Nd4 24. Rbb1 Rxb1 25.
Rxb1 Qxc5 26. Be3 Qc4 27. Bxd4 Qxd4 28. Qxd4 Bxd4 29. Rd1 Bf6 30. Nf4 d5 31. e3 Kg7 32.
Rb1 Be5 33. Nd3 Bf6 34. Rb7 g5 35. Kg2 Rc3 36. Ne1 g4 37. Rb1 h5 38. h3 Kg6 39.
hxg4 hxg4 40. Kf1 Ra3 41. Ke2 Ra2+ 42. Kf1 d4 43. Ng2 e5 44. exd4 exd4 45. Nf4+ Kf5 46. Rd1 Be5 47. Nd3 f6 48. Ke1 Ra8 49. Ke2 Ra2+ 50. Ke1 Ke4 51. Nc5+ Kf3 52. Rd3+ Kg2 53. Ne4 Ra1+ 54. Ke2 f5 55. Nd2 Ra2 56. Rb3 f4 57. gxf4 Bxf4 58. Rd3 Rxd2+ 59. Rxd2 Bxd2 60. Kxd2 Kxf2 61. Kd3 g3 62. Kxd4 g2 0-1

[Event "Early-Titled-Tuesday-Blitz-July-09-2024"]
[Site "Chess.com"]
[Date "2024.07.09"]
[Round "8"]
[White "2Coaches1Profile"]
[Black "GothamChess"]
[Result "1-0"]
[WhiteElo "2601"]
[BlackElo "2738"]
[TimeControl "180+1"]
[EndTime "9:30:41 PDT"]
[Termination "2Coaches1Profile won by resignation"]

1. d4 g6 2. e4 Bg7 3. Nf3 d6 4. Nc3 a6 5. a4 Bg4 6. Bc4 e6 7. Be3 Nc6 8. d5 Bxf3 9. Qxf3 Ne5 10. Qe2 Nxc4 11. Qxc4 e5 12. a5 Ne7 13. Ra3 f5 14.
Bg5 h6 15. Bxe7 Qxe7 16. Rb3 fxe4 17. Rxb7 O-O 18. Rxc7 Qg5 19. O-O e3 20. Ne4 exf2+ 21. Nxf2 Qe3 22. Qd3 Qg5 23. Ne4 Rxf1+ 24. Qxf1 Qe3+ 25.
Qf2 Qc1+ 26. Qf1 Qe3+ 27. Qf2 Qd4 28. Qxd4 exd4 29. Nxd6 Be5 30. Rc6 Rb8 31. Rc8+ Rxc8 32. Nxc8 Kf7 33. g3 Ke8 34. Kg2 d3 35. cxd3 Bxb2 36.
Kf3 Bc3 37. Nd6+ Kd7 38. Nc4 Bd4 39. Ke4 Bg1 40. d4 Bxh2 41. g4 Bg1 42. Ne5+ Kd6 43.
Nxg6 Bf2 44. Ne5 Be1 45. Nc4+ Kd7 46. Ke5 Bf2 47. Kf5 Bxd4 48. Kg6 Ke7 49. Kxh6 Kf7 50. g5 Ba1 51. Kh7 Kf8 52. d6 Ke8 53. g6 Kf8 54. d7 Ke7 55. g7 Bxg7 56. Kxg7 Kxd7 57. Kf6 Kc6 58. Ke5 Kc5 59. Nd6 Kc6 60. Ke6 Kc5 61.
Kd7 Kb4 62. Nb7 Kb5 63. Kc7 Kb4 64. Kb6 1-0